 Dungeon Crawl Stone Soup version 0.31-a0-841-g038b102fc3 (webtiles) character file.

Game seed: 5926727392377429387

422 Kurtz the Chopper (level 6, -4/42 HPs)
             Began as an Octopode Fighter on Sept 28, 2023.
             Slain by an orc warrior
             ... wielding a +0 halberd
              (20 damage)
             ... on level 4 of the Dungeon.
             The game lasted 00:02:24 (2861 turns).

Kurtz the Chopper (Octopode Fighter)                Turns: 2861, Time: 00:02:24

Health: -4/42      AC:  1    Str: 15    XL:     6   Next: 95%
Magic:  6/6        EV: 18    Int: 11    God:
Gold:   193        SH:  4    Dex: 13    Spells: 5/5 levels left

rFire   . . .        a - +0 war axe
rCold   + . .        b - +0 buckler
rNeg    . . .        (helmet restricted)
rPois   .            (no amulet)
rElec   .            e - +5 ring of evasion
rCorr   .            h - ring of flight
SInv    .            k - ring of protection from cold
Will    .....        (no ring)
Stlth   ++           (no ring)
HPRegen 0.27/turn    (no ring)
MPRegen 0.10/turn    (no ring)
                     (no ring)

%: no passive effects
@: mighty, flying
A: almost no armour, amphibious, 8 rings, camouflage 1, gelatinous body 1,
(nimble swimmer 1), tentacles
a: no special abilities


You were on level 4 of the Dungeon.
You visited 1 branch of the dungeon, and saw 4 of its levels.

You collected 193 gold pieces.

Inventory:

Hand Weapons
 a - a +0 war axe (weapon)
Missiles
 o - 13 poisoned darts
 u - 2 javelins
Armour
 b - a +0 buckler (worn)
Jewellery
 e - a +5 ring of evasion (left tentacle)
 h - a ring of flight (right tentacle)
 k - a ring of protection from cold (on tentacle)
Wands
 t - a wand of flame (24)
Scrolls
 f - a scroll of immolation {unknown}
 g - a scroll of fear {unknown}
 j - 3 scrolls of poison {unknown}
 q - a scroll of vulnerability {unknown}
 v - a scroll of blinking {unknown}
 w - a scroll of revelation {unknown}
 x - a scroll of identify {unknown}
 y - a scroll of teleportation {unknown}
Potions
 c - a potion of might
 d - a potion of curing
 i - 2 potions of mutation {unknown}
 l - a potion of resistance {unknown}
 m - a potion of heal wounds {unknown}
 n - a potion of berserk rage {unknown}
 p - a potion of magic {unknown}
 r - a potion of enlightenment {unknown}
 s - a potion of haste {unknown}
 z - a potion of ambrosia {unknown}


   Skills:
 - Level 3.0 Fighting
 * Level 7.2 Axes
 - Level 3.0 Dodging
 - Level 3.0 Shields


You had 5 spell levels left.
You didn't know any spells.
Your spell library was empty.

Dungeon Overview and Level Annotations

Branches:
Dungeon (4/15)
 Temple: D:4-7

Altars:
Ru
Sif Muna

Annotations:
D:4 Pikel


Innate Abilities, Weirdness & Mutations

You cannot wear most types of armour.
You are amphibious.
You can wear up to eight rings at the same time.
Your skin changes colour to match your surroundings (Stealth+).
Your rubbery body absorbs attacks. (AC +1, EV +1)
((You are camouflaged when in or above water. (Stealth+)))
You have tentacles for arms and can constrict up to eight enemies at once.


Message History

You closely miss the orc priest.
An orc warrior comes into view. It is wielding a +0 halberd.
Something hits you.
The orc priest looks braver for a moment.
The orc warrior hits you from afar with a +0 halberd!
Unknown command.
You closely miss the orc priest. Your grab misses the orc priest.
You squeeze the orc priest.
The orc priest is moderately wounded.
You miss something. Something barely misses you.
The orc warrior barely misses you. The orc priest barely misses you.
Unknown command.
The orc priest misses you.
You see here 9 stones.
Unknown command.
The orc priest attacks as it pursues you!
The orc priest barely misses you.
You see here a +0 short sword.
You feel very mighty all of a sudden. The orc warrior closely misses you.
The orc priest hits you with a +0 falchion.
You slash the orc priest! You grab the orc priest.
The orc priest is almost dead.
You constrict the orc priest.
You kill the orc priest!
The orc warrior barely misses you. The orc warrior closely misses you.
You block the orc warrior's attack.
Items here: ( ) [ †.
You closely miss the orc warrior. You grab the orc warrior.
You constrict the orc warrior, but do no damage.
The orc warrior hits you with a +0 halberd!
* * * LOW HITPOINT WARNING * * *
Unknown command.
It was a potion of curing.
You feel better.
You constrict the orc warrior. You block the orc warrior's attack.
You hit the orc warrior. You squeeze the orc warrior.
The orc warrior is moderately wounded.
You miss something. You constrict the orc warrior.
The orc warrior hits you with a +0 halberd!!
You die...

###########
........o)#
#####.#.#@# #.
#.#{############
o.
#..............#
..
#..############.#
$o #... #.# o
#... #.# #..# #<#
# #.# #.#


You could see an orc warrior.

Vanquished Creatures
  Sigmund (D:2)
  A lemure (D:3)
  An orc priest (D:4)
  Ijyb (D:3)
  7 adders (D:2)
  5 gnolls
  2 worms (D:2)
  3 dart slugs
  3 orcs
  8 bats
  3 endoplasms
  4 giant cockroaches
  8 goblins
  2 hobgoblins
  13 jackals
  2 quokkas (D:2)
  11 ball pythons
  2 frilled lizards (D:2)
  6 kobolds
  A rat (D:2)
84 creatures vanquished.

Notes
Turn   | Place    | Note
-------+----------+-------------------------------------------
     0 | D:1      | Kurtz the Octopode Fighter began the quest for the Orb.
     0 | D:1      | Reached XP level 1. HP: 16/16 MP: 1/1
    79 | D:1      | Reached XP level 2. HP: 21/21 MP: 2/2
   190 | D:1      | Reached skill level 3 in Axes
   295 | D:1      | Reached XP level 3. HP: 22/26 MP: 3/3
   798 | D:2      | Noticed Sigmund
   804 | D:2      | Killed Sigmund
   805 | D:2      | Reached skill level 5 in Axes
   805 | D:2      | Reached XP level 4. HP: 27/31 MP: 4/4
   805 | D:2      | Reached XP level 5. HP: 32/36 MP: 5/5
  1029 | D:2      | Reached skill level 6 in Axes
  1050 | D:2      | Reached XP level 6. HP: 40/42 MP: 6/6
  1676 | D:2      | Found a sacrificial altar of Ru.
  2030 | D:3      | Noticed Ijyb
  2034 | D:3      | Killed Ijyb
  2122 | D:3      | Reached skill level 7 in Axes
  2204 | D:3      | Found a shimmering blue altar of Sif Muna.
  2736 | D:4      | Noticed Pikel
  2851 | D:4      | Noticed an orc warrior
  2861 | D:4      | Slain by an orc warrior

Illustrated notes

Levels and vault maps discovered:
D:1:      minmay_arrival_arboretum_large, layout_basic
D:2:      minmay_inner_zag, layout_basic, basic_altar, minmay_puff, uniq_sigmund
D:3:      layout_loops_corners, nicolae_sif_muna_condensation,
          minmay_diced_spiral, uniq_ijyb
D:4:      layout_loops_ring, chequers_serial_rivers_small_3,
          dreamdust_princess_corridor, guppyfry_early_orc_mine, uniq_pikel

Skill      XL: |  1  2  3  4  5  6 |
---------------+-------------------+-----
Axes           | 3 5 6 7 |  7.2
Fighting       | |  3.0
Dodging        | |  3.0
Shields        | |  3.0

Action                     |  1- 3 |  4- 6 || total
---------------------------+-------+-------++-------
  Melee: War axe           |    52 |   106 ||   158
         Constrict         |     9 |    31 ||    40
         Punch             |     1 |     4 ||     5
         Tentacles         |     1 |    23 ||    24
    Use: Potion            |       |     3 ||     3
   Stab: Sleeping          |     4 |     6 ||    10
 Armour: Skin              |    29 |    34 ||    63
  Dodge: Dodged            |    42 |   118 ||   160
  Block: Buckler           |    13 |    30 ||    43

Table legend: (Time is in decaauts)
 A = Elapsed time spent in this place.
 B = Non-inter-level travel time spent in this place.
 C = Inter-level travel time spent in this place.
 D = Time resting spent in this place.
 E = Time spent auto-exploring this place.
 F = Levels seen in this place.
 G = Mean time per level.
                   A        B        C        D        E       F      G
               +--------+--------+--------+--------+--------+-----+--------+
         Total |   2901 |   2781 |    120 |    272 |   1957 |   4 |  725.2 |
       Dungeon |   2901 |   2781 |    120 |    272 |   1957 |   4 |  725.2 |
               +--------+--------+--------+--------+--------+-----+--------+

Top non-repeatable levels by time:
     D:2: 1097 daAuts
     D:3: 939 daAuts
     D:1: 815 daAuts
     D:4: 48 daAuts
